 Dungeon Crawl Stone Soup version 0.17.0-28-g6e173f8 (webtiles) character file.

865 lucasterio the Digger (level 8, 0/48 HPs)
             Began as a Gargoyle Earth Elementalist on Nov 25, 2015.
             Was an Initiate of Sif Muna.
             Slain by an orc warrior
             ... wielding a +0 scimitar
              (3 damage)
             ... on level 6 of the Dungeon.
             The game lasted 00:35:54 (5684 turns).

lucasterio the Digger (Gargoyle Earth Elementalist) Turns: 5684, Time: 00:35:54

Health: 0/48       AC:  9    Str: 11    XL:     8   Next: 3%
Magic:  1/13       EV: 12    Int: 19    God:    Sif Muna [......]
Gold:   374        SH:  0    Dex: 10    Spells: 3 memorised, 5 levels left

rFire  . . .     SeeInvis .     b - 44 stones
rCold  . . .     Clarity  .     a - +0 robe
rNeg   + . .     SustAt   .     (no shield)
rPois  ∞         Gourm    .     (no helmet)
rElec  +         Spirit   .     p - +0 cloak
rCorr  .         Warding  .     (no gloves)
rMut   .         Stasis   .     H - +0 pair of boots
MR     .....                    (no amulet)
Stlth  ++........               (no ring)
                                (no ring)

@: slowed, very slow, not resistant to hostile enchantments, unstealthy
A: negative energy resistance 1, electricity resistance, unbreathing,
petrification resistance, rot immunity, AC +5
a: Renounce Religion


You were on level 6 of the Dungeon.
You worshipped Sif Muna.
Sif Muna was noncommittal.
You were hungry.

You visited 2 branches of the dungeon, and saw 7 of its levels.

You collected 374 gold pieces.

Inventory:

Hand Weapons
 E - a +0 dagger of speed
Missiles
 b - 44 stones (in hand)
Armour
 a - a +0 robe (worn)
 p - a +0 cloak (worn)
 A - a +0 pair of boots
 H - a +0 pair of boots (worn)
Jewellery
 g - a +2 ring of strength {unknown}
 o - a cursed ring of loudness {unknown}
 v - an uncursed ring of see invisible {unknown}
 y - an uncursed ring of magical power {unknown}
 G - an uncursed ring of see invisible {unknown}
Scrolls
 e - a scroll of noise {unknown}
 f - 2 scrolls of immolation {unknown}
 j - 3 scrolls of fog {unknown}
 l - 6 scrolls of identify {unknown}
 n - 4 scrolls of fear {unknown}
 t - a scroll of teleportation {unknown}
 w - 2 scrolls of magic mapping {unknown}
 x - 3 scrolls of remove curse {unknown}
 B - a scroll of recharging {unknown}
 D - a scroll of random uselessness {unknown}
 F - a scroll of enchant armour {unknown}
Potions
 h - 3 potions of invisibility {unknown}
 m - 3 potions of haste {unknown}
 q - a potion of cancellation {unknown}
 r - a potion of curing {unknown}
 s - a potion of resistance {unknown}
 u - 2 potions of lignification {unknown}
 C - a potion of agility {unknown}
 I - 2 potions of heal wounds {unknown}
Books
 c - a book of Geomancy

   Spells                             Type                      Level
   a - Sandblast                      Earth                        1
   b - Stoneskin                      Transmutation/Earth          2
   c - Passwall                       Transmutation/Earth          3
   d - Stone Arrow                    Conjuration/Earth            3
   e - Petrify                        Transmutation/Earth          4
   f - Lee's Rapid Deconstruction     Earth                        5
Comestibles
 d - 7 bread rations
 k - 7 meat rations
 z - 2 slices of pizza


   Skills:
 + Level 3.7 Fighting
 + Level 3.3 Dodging
 - Level 2.1 Stealth
 + Level 3.8 Spellcasting
 + Level 3.8 Conjurations
   Level 0.7 Transmutations
 * Level 6.8 Earth Magic


You had 5 spell levels left.
You knew the following spells:

 Your Spells              Type           Power        Failure   Level  Hunger
a - Sandblast             Erth           ####..       1%          1    None
b - Stone Arrow           Conj/Erth      ###...       6%          3    ###....
c - Lee's Rapid Deconstr  Erth           ####......   28%         5    ######.


Dungeon Overview and Level Annotations

Branches:
Dungeon (6/15)             Temple (1/1) D:5

Altars:
Ashenzari
Cheibriados
Dithmenos
Fedhas
Gozag
Kikubaaqudgha
Makhleb
Nemelex Xobeh
Qazlal
Ru
Sif Muna
Vehumet
Yredelemnul
The Shining One

Shops:
D:5 *


Innate Abilities, Weirdness & Mutations

You are resistant to torment.
Your stone body is resilient (AC +5).
You are immune to poison.
You resist negative energy.
You are resistant to electric shocks.
You can survive without breathing.
You are immune to petrification.
You are immune to rotting.


Message History

You feel yourself slow down.
You are feeling hungry.
The orc warrior hits you with a scimitar!
The deep elf mage points at you and mumbles some strange words.
The bolt of poison hits you! You resist.
Casting: Sandblast
Confirm with . or Enter, or press ? or * to list all spells.
Aiming: Sandblast
Press: ? - help, Shift-Dir - straight line, f/p - orc warrior
Aim: an orc warrior, wielding a scimitar and wearing a plate armour (almost dead)
The rocky blast hits the orc warrior.
The orc warrior is almost dead.
The orc warrior hits you with a scimitar!
The orc warrior barely misses you.
The orc warrior hits you with a scimitar!
* * * LOW HITPOINT WARNING * * *
The deep elf mage mumbles some strange words.
The deep elf mage blinks!
The orc warrior hits you with a scimitar.
You die...

#### # ..# # #
#########.# #
###.#.......#.#### #+ #
.......!.........# #.####
.......§###.#.##.# #....#
.######.# #.#.##.# #.....
######o###.#.##.####...#
........@................
.######.######'#######.##
#.. .. #.# ### .. #.# #.#
#.# #.# #.#


You could see an orc warrior.

Vanquished Creatures
  The ghost of M4edhros the Charlatan, an amateur OpAr (D:4)
  An ice beast (D:3)
  A crocodile (D:6)
  A scorpion (D:5)
  A crimson imp (D:5)
  3 hounds (D:5)
  An orc priest (D:6)
  2 orc wizards
  A centaur skeleton (D:3)
  2 worker ants
  An iguana (D:5)
  A hound skeleton (D:4)
  3 gnolls (D:5)
  5 adders
  A shadow imp (D:5)
  An ooze (D:2)
  A worm (D:2)
  An adder skeleton (D:5)
  6 giant geckos
  20 orcs
  5 ball pythons
  6 bats
  3 giant cockroaches
  5 hobgoblins
  7 jackals
  6 kobolds
  2 quokkas (D:3)
  4 giant newts
  8 goblins
  8 rats
  A plant (D:3)
  A toadstool (D:1)
110 creatures vanquished.

Vanquished Creatures (others)
  3 toadstools (D:1)
3 creatures vanquished.

Grand Total: 113 creatures vanquished

Notes
Turn   | Place    | Note
--------------------------------------------------------------
     0 | D:1      | lucasterio the Gargoyle Earth Elementalist began the quest for the Orb.
     0 | D:1      | Reached XP level 1. HP: 10/10 MP: 3/3
   443 | D:1      | Reached XP level 2. HP: 13/16 MP: 0/5
   901 | D:1      | Reached skill level 4 in Earth Magic
   998 | D:1      | Reached skill level 1 in Fighting
   998 | D:1      | Reached XP level 3. HP: 20/20 MP: 6/6
  1772 | D:2      | Learned a level 3 spell: Stone Arrow
  1843 | D:3      | Found a sacrificial altar of Ru.
  2001 | D:3      | Reached XP level 4. HP: 25/25 MP: 1/7
  2143 | D:3      | Noticed an ice beast
  2199 | D:3      | Killed an ice beast
  2199 | D:3      | Reached skill level 1 in Conjurations
  2199 | D:3      | Reached XP level 5. HP: 11/30 MP: 1/9
  3125 | D:3      | Learned a level 5 spell: Lee's Rapid Deconstruction
  3147 | D:4      | Reached skill level 5 in Earth Magic
  3147 | D:4      | Reached XP level 6. HP: 34/36 MP: 0/10
  3217 | D:4      | Noticed M4edhros's ghost (amateur OpAr)
  3496 | D:4      | Found a glowing golden altar of the Shining One.
  3624 | D:4      | Killed M4edhros's ghost
  3954 | D:5      | Entered Level 5 of the Dungeon
  3955 | D:5      | Found a blossoming altar of Fedhas.
  4009 | D:5      | Reached XP level 7. HP: 18/40 MP: 0/12
  4206 | D:5      | Found a sacrificial altar of Ru.
  4214 | D:5      | Reached skill level 6 in Earth Magic
  4993 | D:5      | Found Gozag's Platinum Reserve.
  4993 | D:5      | Found an opulent altar of Gozag.
  5131 | D:5      | Found a staircase to the Ecumenical Temple.
  5149 | Temple   | Entered the Ecumenical Temple
  5176 | Temple   | Became a worshipper of Sif Muna the Loreminder
  5487 | D:6      | Reached XP level 8. HP: 34/47 MP: 0/13
  5667 | D:6      | Noticed a deep elf mage
  5684 | D:6      | Slain by an orc warrior

Action                   |  1- 3 |  4- 6 |  7- 9 || total
-------------------------+-------+-------+-------++-------
Melee: Unarmed           |    19 |       |       ||    19
       Dagger            |    66 |   258 |    32 ||   356
Throw: Stone             |    15 |       |       ||    15
 Cast: Sandblast         |    40 |    27 |    34 ||   101
       Stone Arrow       |     3 |    30 |    37 ||    70
 Stab: Sleeping          |     4 |       |       ||     4
  Eat: Chunk             |     4 |    10 |     7 ||    21
       Beef jerky        |       |       |     1 ||     1
